 Dungeon Crawl Stone Soup version 0.29.0-4-gdea44cf6ec (webtiles) character file.

Game seed: 5265793116737578570

0 qw the Sneak (level 1, 0/14 HPs)
             Began as a Gargoyle Delver on Sept 10, 2022.
             Slain by a bullfrog (3 damage)
             ... on level 5 of the Dungeon.
             The game lasted 00:00:02 (63 turns).

qw the Sneak (Gargoyle Delver)                        Turns: 63, Time: 00:00:02

Health: 0/14       AC:  5    Str: 15    XL:     1   Next: 0%
Magic:  1/1        EV: 11    Int: 10    God:
Gold:   9          SH:  0    Dex: 11    Spells: 0/0 levels left

rFire   . . .      SeeInvis .   a - +0 hand axe
rCold   . . .      Faith    .   (no shield)
rNeg    + . .      Spirit   .   b - +0 leather armour
rPois   inf        Reflect  .   (no helmet)
rElec   +          Harm     .   (no cloak)
rCorr   .          Rampage  .   (no gloves)
Will    .....                   (no boots)
Stlth   +++.......              (no amulet)
HPRegen 0.04/turn               (no ring)
MPRegen 0.07/turn               (no ring)

@: no status effects
A: sickness immunity, AC +2, negative energy resistance 1, electricity
resistance, torment resistance 1, petrification resistance
a: no special abilities


You were on level 5 of the Dungeon.
You visited 1 branch of the dungeon, and saw 1 of its levels.

You collected 9 gold pieces.


Innate Abilities, Weirdness & Mutations

You are immune to sickness and miasma.
Your stone body is resilient. (AC +2)
You are immune to poison.
You resist negative energy. (rN+)
You are resistant to electric shocks. (rElec)
You are resistant to unholy torment.
You are immune to petrification.


   Skills:
 - Level 3.2 Fighting
 + Level 1.7 Axes
 - Level 1.5 Dodging
 - Level 5.4 Stealth


You couldn't memorise any spells.
You didn't know any spells.
Your spell library was empty.

Inventory:

Hand Weapons
 a - a +0 hand axe (weapon)
Armour
 b - a +0 leather armour (worn)
Wands
 g - a wand of digging (3)
Scrolls
 c - a scroll of fog
 d - a scroll of magic mapping
 e - a scroll of fear
Potions
 f - a potion of haste
 h - a potion of attraction {unknown}

Dungeon Overview and Level Annotations

Branches:
Dungeon (5/15)
 Temple: D:4-7

Altars:


Message History

Assign waypoint to what number? (0-9) Waypoint 2 assigned to D:5.
0 ||| PLANNING D:1-11
h - a black potion You open the door.
There is an open door here.
You now have 9 gold pieces.
You open the door.
There is an open door here.
Found 5 stones.
Enter note: A bullfrog comes into view.
47 ||| Stepping ~*~*~tactically~*~*~ (stealth).
A bullfrog is nearby!
The bullfrog gives a loud, deep croak!
You closely miss the bullfrog. The bullfrog hits you.
You closely miss the bullfrog. The bullfrog closely misses you.
The bullfrog barely misses you.
You closely miss the bullfrog.
The bullfrog snags a nearby baby bat with its tongue.
The bullfrog hits you.
The bullfrog hits you but does no damage.
You barely miss the bullfrog. The bullfrog barely misses you.
The bullfrog closely misses you.
You barely miss the bullfrog.
The bullfrog hits you but does no damage. x2
You hit the bullfrog.
The bullfrog is lightly wounded.
The bullfrog misses you. The bullfrog hits you.
You barely miss the bullfrog.
The bullfrog is lightly wounded.
The bullfrog misses you.
You slash the bullfrog!
The bullfrog is heavily wounded.
The bullfrog barely misses you. The bullfrog hits you.
You hit the bullfrog.
The bullfrog is severely wounded.
The bullfrog hits you.
You die...

#.## ##.....## #.#
##...## #.# ##'## #.#
#.# #.# #.# #.# ##.##
#.# ####...########
#.######..............
#...(F@..##...########
...##########.## #.#
#.# #.# #.# #.#


You could see a bullfrog.

Vanquished Creatures (others)
  A demonic plant (D:5)
1 creature vanquished.

Notes
Turn   | Place    | Note
-------+----------+-------------------------------------------
     0 | D:5      | qw the Gargoyle Delver began the quest for the Orb.
     0 | D:5      | Reached XP level 1. HP: 14/14 MP: 1/1
     0 | D:5      | 0 ||| qw: Version: 0.1-a-116-g5d60599
     0 | D:5      | 0 ||| qw: Game counter: 8755
     0 | D:5      | 0 ||| qw: Always use a shield: true
     0 | D:5      | 0 ||| qw: God list: Okawaru
     0 | D:5      | 0 ||| qw: Allow faded altars: false
     0 | D:5      | 0 ||| qw: Do Orc after D:15 true
     0 | D:5      | 0 ||| qw: Do second Lair branch before Depths: true
     0 | D:5      | 0 ||| qw: Lair rune preference: random
     0 | D:5      | 0 ||| qw: Plans: Normal
     0 | D:5      | 0 ||| PLANNING D:1-11
    45 | D:5      | Noticed a bullfrog
    47 | D:5      | 47 ||| Stepping ~*~*~tactically~*~*~ (stealth).
    62 | D:5      | HP: 3/14 [bullfrog (3)]
    63 | D:5      | Slain by a bullfrog

Levels and vault maps discovered:
D:5:      layout_loops_corners, serial_demonic, serial_demonic_f,
          serial_demonic_c, serial_demonic_b, serial_demonic_g,
          serial_demonic_c, serial_demonic_e, minmay_statues_item,
          kennysheep_small_spiral

Action                   || total
-------------------------++-------
Melee: Hand axe          ||     9
Armor: Leather armour    ||     3
Dodge: Dodged            ||     7

Table legend:
 A = Non-vault XP
 B = Vault XP
 C = Vault XP percentage of total XP
 D = Non-vault monster count
 E = Vault monster count
 F = Vault count percentage of total count
                 A         B        C        D         E       F
            +---------+---------+-------+---------+---------+-------
      Total |       0 |       0 |   N/A |       0 |       0 |  -nan
            +---------+---------+-------+---------+---------+-------
            +---------+---------+-------+---------+---------+-------
